[Event "Lueneburg Open-A 2019"]
[Site "Lueneburg"]
[Date "2019.08.11"]
[Round "9.37"]
[White "Lu, Siyuan"]
[Black "Schwarz, Jochen"]
[Result "1/2-1/2"]
[ECO "B13"]
[WhiteElo "1711"]
[BlackElo "1909"]
[Annotator "NA"]
[PlyCount "20"]
[EventDate "2019.08.03"]
[EventType "swiss"]
[EventCountry "GER"]
[SourceTitle "playchess.com"]
[Source "ChessBase"]
[SourceQuality "1"]
[TimeControl "40/5400+30:1800+30"]

1. e4 c6 2. d4 d5 3. exd5 cxd5 4. Nf3 Nc6 5. Bd3 Bg4 6. c3 e6 7. Bf4 Bd6 8. Bxd6 Qxd6 9. O-O Nf6 10. Nbd2 O-O 1/2-1/2